 Dungeon Crawl Stone Soup version 0.22-a0-136-g83a10e5 (webtiles) character file.

18787 varam the Destroyer (level 12, -13/89 HPs)
             Began as a Demonspawn Fire Elementalist on Feb 3, 2018.
             Was an Elder of Vehumet.
             Mangled by Snorg (15 damage)
             ... on level 3 of the Lair of Beasts on Feb 4, 2018.
             The game lasted 01:10:59 (15146 turns).

varam the Destroyer (Demonspawn Fire Elementalist) Turns: 15146, Time: 01:11:00

Health: -13/89     AC:  7    Str: 16    XL:     12   Next: 30%
Magic:  7/21       EV: 24    Int: 20    God:    Vehumet [****..]
Gold:   793        SH:  7    Dex: 18    Spells: 6/23 levels left

rFire    + + .     SeeInvis +   Q - +2 trident (venom)
rCold    x . .     Gourm    .   r - +1 buckler
rNeg     . . .     Faith    .   G - +0 robe {Archmagi}
rPois    .         Spirit   .   (helmet unavailable)
rElec    .         Reflect  .   (no cloak)
rCorr    .         Harm     .   E - +0 pair of gloves
MR       .....                  x - +0 pair of boots
Stlth    +++.......             t - amulet of regeneration
HPRegen  0.64/turn              S - ring of fire
MPRegen  0.17/turn              I - +2 ring of evasion

@: mighty, agile, hasted, very quick
A: antennae 3, yellow scales 2, fire resistance 1, powered by pain 2, flame
cloud immunity
a: Renounce Religion


You were on level 3 of the Lair of Beasts.
You worshipped Vehumet.
Vehumet was greatly pleased with you.
You were hungry.

You visited 2 branches of the dungeon, and saw 15 of its levels.

You collected 793 gold pieces.

Inventory:

Hand Weapons
 j - a +1 short sword of venom
 k - a +1 whip of freezing
 n - a +0 vampiric spear
 Q - a +2 trident of venom (weapon)
Missiles
 g - 292 stones
 J - 3 tomahawks (quivered)
 K - 4 javelins
Armour
 r - a +1 buckler (worn)
 x - a +0 pair of boots (worn)
 E - a +0 pair of gloves (worn)
 G - a +0 robe of the Archmagi (worn)
 T - a +0 shield
Jewellery
 a - an uncursed ring of positive energy
 t - an amulet of regeneration (around neck)
 F - an uncursed ring of protection from fire
 I - a +2 ring of evasion (right hand)
 L - a +2 ring of protection
 O - an uncursed ring of positive energy
 R - an uncursed ring of flight
 S - a ring of fire (left hand)
Wands
 o - a wand of random effects (59)
 p - a wand of polymorph (12)
 u - a wand of flame (34)
 M - a wand of disintegration (8)
 Z - a wand of enslavement (15)
Scrolls
 e - 2 scrolls of magic mapping
 i - 2 scrolls of enchant armour
 l - 4 scrolls of amnesia
 s - 2 scrolls of fear
 y - 4 scrolls of teleportation
 z - a scroll of immolation {unknown}
 B - 2 scrolls of remove curse
 D - 2 scrolls of enchant weapon {unknown}
 P - a scroll of fog {unknown}
 U - a scroll of identify
 V - a scroll of blinking
Potions
 d - 2 potions of flight
 h - 2 potions of heal wounds
 m - 5 potions of curing
 q - 2 potions of cancellation {unknown}
 v - a potion of lignification {unknown}
 w - 3 potions of agility
 A - 3 potions of degeneration
 C - 4 potions of might {unknown}
 H - 3 potions of haste
 X - a potion of mutation {unknown}
Books
 b - a book of Flames

   Spells                             Type                      Level
   a - Flame Tongue                   Conjuration/Fire             1
   b - Throw Flame                    Conjuration/Fire             2
   c - Conjure Flame                  Conjuration/Fire             3
   d - Inner Flame                    Hexes/Fire                   3
   e - Sticky Flame                   Conjuration/Fire             4
   f - Fireball                       Conjuration/Fire             5
 f - a book of Ice

   Spells                             Type                      Level
   a - Ice Form                       Ice/Transmutation            4
   b - Metabolic Englaciation         Hexes/Ice                    5
   c - Ozocubu's Refrigeration        Ice                          6
   d - Bolt of Cold                   Conjuration/Ice              6
   e - Freezing Cloud                 Conjuration/Ice/Air          6
   f - Simulacrum                     Ice/Necromancy               6
Miscellaneous
 N - a lightning rod (4/4)
 W - 3 sacks of spiders
Comestibles
 c - 17 rations
 Y - 11 chunks of flesh


   Skills:
 + Level 6.5 Fighting
 - Level 2.0 Short Blades
 + Level 2.3 Polearms
 + Level 6.5 Dodging
 - Level 1.7 Stealth
 + Level 4.5 Shields
 - Level 6.0 Spellcasting
 * Level 12.2 Conjurations
 + Level 8.5 Fire Magic
 + Level 4.1 Earth Magic


You had 6 spell levels left.
You knew the following spells:

 Your Spells              Type           Power        Failure   Level  Hunger
a - Throw Flame           Conj/Fire      ######       1%          2    None
c - Sticky Flame          Conj/Fire      #######.     1%          4    ####...
d - Magic Dart            Conj           ####         1%          1    None
e - Fireball              Conj/Fire      #######...   1%          5    #####..
f - Bolt of Magma         Conj/Fire/Erth ######....   2%          5    #####..


Dungeon Overview and Level Annotations

Branches:
Dungeon (10/15)            Temple (0/1) D:6            Lair (5/6) D:8
  Swamp (0/4) Lair:3        Snake (0/4) Lair:4          Orc (0/2) D:9
  Slime: Lair:5-6

Altars:
Dithmenos
Elyvilon
Gozag
Uskayaw
Vehumet

Annotations:
D:7 kegs's ghost, novice HOFi
D:10 Fannar; Josephine
Lair:1 ThereIsNoGod's ghost, journeyman TrMo
Lair:3 Snorg


Innate Abilities, Weirdness & Mutations

You have a pair of large antennae on your head. (SInv)
You are mostly covered in yellow scales. (AC +3)
Your flesh is heat resistant. (rF+)
You sometimes gain power by taking damage.
You are immune to clouds of flame.


Message History

Press: ? - help, Shift-Dir - straight line, f/p - Snorg
Aim: Snorg (severely wounded, berserk, fast, unusually strong)
You feel a strong surge of power!
The sticky flame hits Snorg.
Snorg is almost dead.
Snorg is covered in liquid flames!
You are feeling hungry.
Snorg burns!
Snorg bites you!
* * * LOW HITPOINT WARNING * * *
You focus on the pain.
You feel mightier all of a sudden. Snorg completely misses you.
You block Snorg's attack.
Snorg burns!
You block Snorg's attack. Snorg claws you.
* * * LOW HITPOINT WARNING * * *
Snorg claws you!
* * * LOW HITPOINT WARNING * * *
You focus on the pain.
You feel more agile all of a sudden.
You feel yourself speed up.
Snorg burns!
Snorg completely misses you. Snorg closely misses you. Snorg claws you!
You die...

#.##......+.....##>##
#.###....PP......#.#
....'.....#.....#..#
...##.....#......#.#
..###....#......#..#
### #....##.#.#....##
##.....##.#...#..#
####.............T.P#
................@.PP#
....................#
#..#.#.............##
######....##.#.##...#
.P## #....#..####..##
...# #....#....##...#
...###.........'....#
...##P.........#...##
....##.........##...#


You could see Snorg (berserk).

Vanquished Creatures
  2 hydras
  3 two-headed ogres
  Pikel (D:5)
  An ugly thing (D:9)
  A centaur zombie (D:10)
  A black mamba (Lair:4)
  5 spiny frogs
  2 komodo dragons (Lair:1)
  3 tyrant leeches (Lair:3)
  A hornet (D:8)
  2 blink frogs (Lair:1)
  2 hippogriffs (Lair:1)
  Sigmund (D:2)
  A wraith (D:10)
  13 yaks
  2 wyverns
  Grum (D:10)
  3 basilisks (Lair:2)
  10 water moccasins
  6 porcupines
  2 ice beasts
  A phantom (D:8)
  3 slaves
  A sky beast (D:8)
  An orc warrior (D:8)
  An eye of draining (D:9)
  2 black bears
  3 ogres
  A centaur (D:10)
  22 wolves
  A necrophage (D:10)
  5 crocodiles
  11 bullfrogs
  6 scorpions
  4 howler monkeys
  4 crimson imps
  2 bullfrog zombies
  5 hounds
  8 jellies
  4 orc wizards
  3 orc priests
  2 iguanas
  7 worker ants
  A howler monkey zombie (D:9)
  A worker ant zombie (D:9)
  Robin (D:3)
  4 gnolls (D:9)
  A howler monkey skeleton (D:9)
  15 adders
  3 shadow imps
  8 oozes
  An adder zombie (D:5)
  An adder skeleton (D:7)
  3 worms (D:2)
  3 dart slugs
  5 leopard geckos
  30 orcs
  4 ball pythons
  11 bats
  9 giant cockroaches
  17 goblins
  14 hobgoblins
  3 jackals (D:9)
  7 kobolds
  3 quokkas
  4 frilled lizards
  A quokka zombie (D:9)
  6 rats
  A fungus (Lair:2)
  A plant (Lair:4)
318 creatures vanquished.

Vanquished Creatures (others)
  A plant (Lair:1)
1 creature vanquished.

Grand Total: 319 creatures vanquished

Notes
Turn   | Place    | Note
-------+----------+-------------------------------------------
     0 | D:1      | varam the Demonspawn Fire Elementalist began the quest for the Orb.
     0 | D:1      | Reached XP level 1. HP: 13/13 MP: 3/3
   346 | D:1      | Gained mutation: You sometimes gain a little power by taking damage. [demonic ancestry]
   346 | D:1      | Reached XP level 2. HP: 19/19 MP: 1/5
   456 | D:1      | Reached skill level 2 in Conjurations
   585 | D:1      | Reached skill level 3 in Fire Magic
   589 | D:1      | Learned a level 2 spell: Throw Flame
   808 | D:1      | Gained mutation: You sometimes gain power by taking damage. [demonic ancestry]
   808 | D:1      | Reached XP level 3. HP: 24/24 MP: 1/6
  1381 | D:2      | Reached skill level 3 in Conjurations
  1719 | D:2      | Found a radiant altar of Vehumet.
  1729 | D:2      | Became a worshipper of Vehumet
  2010 | D:2      | Gained mutation: Your flesh is heat resistant. (rF+) [demonic ancestry]
  2010 | D:2      | Reached XP level 4. HP: 21/30 MP: 3/7
  2394 | D:2      | Noticed Sigmund
  2791 | D:3      | Learned a level 4 spell: Sticky Flame
  2937 | D:3      | Reached skill level 4 in Conjurations
  2986 | D:3      | Gained mutation: You are partially covered in yellow scales. (AC +2) [demonic ancestry]
  2986 | D:3      | Reached XP level 5. HP: 35/35 MP: 3/8
  2997 | D:3      | Noticed Robin
  3205 | D:3      | Killed Robin
  3381 | D:3      | Noticed an ogre
  3546 | D:2      | Found an opulent altar of Gozag.
  3774 | D:2      | Killed Sigmund
  3774 | D:2      | Reached * piety under Vehumet
  3774 | D:2      | Offered knowledge of Shock by Vehumet.
  3774 | D:2      | Reached skill level 1 in Shields
  3774 | D:2      | Reached skill level 5 in Conjurations
  3774 | D:2      | Reached skill level 4 in Fire Magic
  3774 | D:2      | Gained mutation: You have a pair of small antennae on your head. [demonic ancestry]
  3774 | D:2      | Reached XP level 6. HP: 27/41 MP: 0/9
  4019 | D:5      | Entered Level 5 of the Dungeon
  4159 | D:4      | Found a white marble altar of Elyvilon.
  4256 | D:4      | Found Jovvots's Book Shoppe.
  4425 | D:4      | Reached skill level 2 in Shields
  4458 | D:4      | Gained mutation: You have a pair of antennae on your head. [demonic ancestry]
  4458 | D:4      | Reached XP level 7. HP: 33/46 MP: 4/10
  5366 | D:5      | Reached skill level 6 in Conjurations
  5989 | D:6      | Noticed Pikel
  6083 | D:5      | Killed Pikel
  6083 | D:5      | Reached skill level 3 in Shields
  6083 | D:5      | Reached skill level 7 in Conjurations
  6083 | D:5      | Reached skill level 5 in Fire Magic
  6083 | D:5      | Gained mutation: You are immune to clouds of flame. [demonic ancestry]
  6083 | D:5      | Reached XP level 8. HP: 17/52 MP: 3/11
  6445 | D:6      | Found a staircase to the Ecumenical Temple.
  6499 | D:6      | Offered knowledge of Magic Dart by Vehumet.
  6518 | D:5      | Reached ** piety under Vehumet
  6869 | D:6      | Learned a level 1 spell: Magic Dart
  6886 | D:6      | Found a hide-covered altar of Uskayaw.
  6891 | D:6      | Reached skill level 4 in Shields
  6891 | D:6      | Reached skill level 8 in Conjurations
  7248 | D:7      | Reached skill level 2 in Dodging
  7363 | D:7      | Reached skill level 1 in Fighting
  7390 | D:7      | Noticed kegs's ghost (novice HOFi)
  7480 | D:7      | Reached skill level 6 in Fire Magic
  7619 | D:7      | HP: 5/54 [kegs's ghost (19)]
  8020 | D:8      | Gained mutation: You are mostly covered in yellow scales. (AC +3) [demonic ancestry]
  8020 | D:8      | Reached XP level 9. HP: 59/59 MP: 8/12
  8282 | D:8      | Offered knowledge of Ignite Poison by Vehumet.
  8282 | D:8      | Reached skill level 2 in Fighting
  8289 | D:8      | Learned a level 5 spell: Fireball
  8350 | D:8      | Found a hide-covered altar of Uskayaw.
  8354 | D:8      | Reached skill level 3 in Dodging
  8354 | D:8      | Reached skill level 3 in Spellcasting
  8418 | D:8      | Found a staircase to the Lair.
  8424 | D:8      | Reached skill level 9 in Conjurations
  8552 | D:8      | Noticed a two-headed ogre
  8673 | D:7      | Killed a two-headed ogre
  8673 | D:7      | Reached skill level 3 in Fighting
  9065 | D:8      | Found a shadowy altar of Dithmenos.
  9217 | D:8      | Reached *** piety under Vehumet
  9359 | D:9      | Noticed a two-headed ogre
  9408 | D:9      | Reached skill level 4 in Spellcasting
  9423 | D:9      | Gained mutation: You have a pair of large antennae on your head. (SInv) [demonic ancestry]
  9423 | D:9      | Reached XP level 10. HP: 70/70 MP: 3/16
  9532 | D:8      | Reached skill level 4 in Dodging
  9586 | D:8      | Offered knowledge of Throw Icicle by Vehumet.
  9794 | D:9      | Reached skill level 10 in Conjurations
  9806 | D:8      | Reached skill level 7 in Fire Magic
  9884 | D:9      | Reached skill level 4 in Fighting
 10034 | D:9      | Found a staircase to the Orcish Mines.
 10276 | D:9      | Killed a two-headed ogre
 10376 | D:9      | Reached **** piety under Vehumet
 10444 | D:9      | Offered knowledge of Bolt of Magma by Vehumet.
 10451 | D:9      | Learned a level 5 spell: Bolt of Magma
 10568 | D:10     | Entered Level 10 of the Dungeon
 10568 | D:10     | Noticed Grum
 10591 | D:9      | Noticed a purple ugly thing
 10778 | D:9      | Killed a purple ugly thing
 10961 | D:10     | Noticed Fannar
 10979 | D:10     | Reached skill level 5 in Dodging
 10979 | D:10     | Reached skill level 5 in Spellcasting
 10979 | D:10     | Reached skill level 1 in Earth Magic
 11179 | D:10     | Killed Grum
 11242 | D:10     | Noticed a two-headed ogre
 11257 | D:9      | Killed a two-headed ogre
 11257 | D:9      | Reached skill level 5 in Fighting
 11257 | D:9      | Reached skill level 11 in Conjurations
 11257 | D:9      | Reached XP level 11. HP: 18/79 MP: 10/18
 11573 | D:10     | Noticed Josephine
 11597 | D:10     | Reached skill level 2 in Earth Magic
 11641 | Lair:1   | Entered Level 1 of the Lair of Beasts
 11746 | Lair:1   | Noticed ThereIsNoGod's ghost (journeyman TrMo)
 12142 | Lair:1   | Reached skill level 1 in Short Blades
 12420 | Lair:1   | Noticed a four-headed hydra
 12691 | Lair:1   | You fall through a shaft!
 12735 | Lair:1   | Reached skill level 8 in Fire Magic
 12906 | Lair:1   | Killed a four-headed hydra
 12906 | Lair:1   | Reached skill level 3 in Earth Magic
 13035 | Lair:2   | Reached skill level 2 in Short Blades
 13302 | Lair:2   | Reached skill level 6 in Fighting
 13302 | Lair:2   | Reached skill level 6 in Spellcasting
 13321 | Lair:2   | Reached ***** piety under Vehumet
 13321 | Lair:2   | Reached skill level 6 in Dodging
 13435 | Lair:2   | Offered knowledge of Orb of Destruction by Vehumet.
 13435 | Lair:2   | Reached skill level 1 in Polearms
 14220 | Lair:3   | Reached XP level 12. HP: 75/88 MP: 7/21
 14287 | Lair:3   | Reached skill level 12 in Conjurations
 14318 | Lair:4   | Found a staircase to the Snake Pit.
 14653 | Lair:4   | Noticed a six-headed hydra
 14657 | Lair:4   | Killed a six-headed hydra
 14692 | Lair:5   | Reached skill level 2 in Polearms
 14771 | Lair:3   | Reached skill level 4 in Earth Magic
 15069 | Lair:3   | Found a staircase to the Swamp.
 15131 | Lair:3   | Noticed Snorg
 15145 | Lair:3   | HP: 1/89 [Snorg (15)]
 15146 | Lair:3   | Mangled by Snorg

Vault maps used:
D:1:      dpeg_arrival_prison, minmay_bisected
D:2:      nicolae_gozag_cash_rules_everything_around_me,
          nicolae_overflow_crystal_walls, uniq_sigmund
D:3:      first_ration, uniq_robin
D:4:      elyvilon_altar_5, serial_shops, shop, kennysheep_generic_room_3
D:6:      minmay_cornered_nines, minmay_temple_entry_poolview, basic_altar,
          kennysheep_generic_room_4, uniq_pikel
D:8:      eat_drink_and_be_merry_uskayaw, grunt_dithmenos_shadows,
          grunt_lair_entry_orc_guard_hut, hangedman_little_slice_of_home
D:9:      orc_0_dummy
D:10:     hangedman_decor_clover_reticule, uniq_fannar, uniq_grum,
          uniq_josephine
Lair:1:   grunt_megastairs_3
Lair:2:   lab_entry_generic, lemuel_old_faithful
Lair:3:   minmay_swamp_entry_worms, uniq_snorg
Lair:4:   minmay_snake_entry_guardpost_small, basic_altar, beast_lair_carwin_8,
          uniq_harold
Lair:5:   minivault_26, grunt_megastairs_2, infiniplex_staircase_pool

Skill      XL: |  1  2  3  4  5  6  7  8  9 10 11 12 |
---------------+-------------------------------------+-----
Conjurations   | 2 3 4 5 7 8 9 11 12 | 12.2
Fire Magic     | 3 4 5 6 7 8 |  8.5
Shields        | 1 2 3 4 |  4.5
Dodging        | 2 3 5 6 |  6.5
Fighting       | 1 3 5 6 |  6.5
Spellcasting   | 4 5 6 |  6.0
Earth Magic    | 1 3 4 |  4.1
Short Blades   | 2 |  2.0
Polearms       | 1 2 |  2.3
Stealth        | |  1.7

Action                   |  1- 3 |  4- 6 |  7- 9 | 10-12 || total
-------------------------+-------+-------+-------+-------++-------
Melee: Unarmed           |     5 |       |       |       ||     5
       Mace              |    18 |       |       |       ||    18
       Hand axe          |     8 |     2 |       |       ||    10
       Short sword       |       |    64 |   148 |   112 ||   324
       Whip              |       |       |     7 |       ||     7
       Trident           |       |       |       |   100 ||   100
Throw: Stone             |     8 |     1 |       |     4 ||    13
       Javelin           |       |       |       |     4 ||     4
       Tomahawk          |       |       |       |     7 ||     7
 Cast: Flame Tongue      |    77 |    66 |   103 |    95 ||   341
       Throw Flame       |     7 |    10 |    42 |    62 ||   121
       Sticky Flame      |       |     4 |    31 |    95 ||   130
       Magic Dart        |       |       |     6 |    16 ||    22
       Fireball          |       |       |     2 |     7 ||     9
       Bolt of Magma     |       |       |       |    45 ||    45
  Use: Scroll            |       |     8 |     4 |     8 ||    20
       Potion            |       |       |     1 |     4 ||     5
 Stab: Sleeping          |     2 |     2 |     2 |     3 ||     9
  Eat: Chunk             |     5 |    10 |    16 |    24 ||    55
       Ration            |       |       |     3 |     7 ||    10
Armor: Robe              |     8 |    19 |    56 |    71 ||   154
       Leather armour    |    13 |       |       |       ||    13
Dodge: Dodged            |    48 |    42 |   129 |   295 ||   514
Block: Buckler           |       |       |    39 |   110 ||   149

Table legend:
 A = Spawn XP
 B = Non-spawn XP
 C = Spawn XP percentage of total XP
 D = Spawn monster count
 E = Non-spawn monster count
 F = Spawn count percentage of total count
 G = Total turns spent on level
                    A         B        C        D         E        F      G
               +---------+---------+-------+---------+---------+-------+---------
         Total |       0 |   26839 |   0.0 |       0 |     313 |   0.0 | 15146
               +---------+---------+-------+---------+---------+-------+---------
           D:1 |       0 |      65 |   0.0 |       0 |      32 |   0.0 |  1539
           D:2 |       0 |     287 |   0.0 |       0 |      29 |   0.0 |  1665
           D:3 |       0 |     119 |   0.0 |       0 |      28 |   0.0 |  1063
           D:4 |       0 |     348 |   0.0 |       0 |      21 |   0.0 |   909
           D:5 |       0 |     943 |   0.0 |       0 |      14 |   0.0 |  1099
           D:6 |       0 |     463 |   0.0 |       0 |      17 |   0.0 |  1193
           D:7 |       0 |    1604 |   0.0 |       0 |      16 |   0.0 |   970
           D:8 |       0 |    2456 |   0.0 |       0 |      35 |   0.0 |  1828
           D:9 |       0 |    4606 |   0.0 |       0 |      42 |   0.0 |  1320
          D:10 |       0 |    1374 |   0.0 |       0 |       9 |   0.0 |   250
        Lair:1 |       0 |    5632 |   0.0 |       0 |      25 |   0.0 |  1158
        Lair:2 |       0 |    2892 |   0.0 |       0 |      19 |   0.0 |   936
        Lair:3 |       0 |    3669 |   0.0 |       0 |      21 |   0.0 |   991
        Lair:4 |       0 |    1970 |   0.0 |       0 |       4 |   0.0 |   214
        Lair:5 |       0 |     411 |   0.0 |       0 |       1 |   0.0 |    11
               +---------+---------+-------+---------+---------+-------+---------
